 Dungeon Crawl Stone Soup version 0.29-a0-598-gd8304a5bf4 (webtiles) character file.

Game seed: 17290976885170689958

700 ptdevnull the Cutter (level 7, -1/42 HPs)
             Began as a Kobold Artificer on June 16, 2022.
             Was a Follower of Nemelex Xobeh.
             Slain by an orc wizard
             ... wielding a +0 dagger
              (2 damage)
             ... on level 8 of the Dungeon.
             The game lasted 00:10:20 (5193 turns).

ptdevnull the Cutter (Kobold Artificer)             Turns: 5193, Time: 00:10:21

Health: -1/42      AC:  3    Str: 12    XL:     7   Next: 98%
Magic:  16/16      EV: 16    Int: 22    God:    Nemelex Xobeh [*.....]
Gold:   2218       SH:  0    Dex: 17    Spells: 6/6 levels left

rFire   . . .      SeeInvis .   m - +5 dagger (speed)
rCold   x . .      Faith    .   (no shield)
rNeg    . . .      Spirit   .   b - +0 leather armour
rPois   .          Reflect  .   (helmet restricted)
rElec   +          Harm     .   (no cloak)
rCorr   .          Rampage  .   (no gloves)
Will    .....                   (no boots)
Stlth   ++++......              (no amulet)
HPRegen 0.14/turn               n - ring of Oleidikk {rElec rC- Str+5 Int+6}
MPRegen 0.15/turn               y - ring "Kodeh" {Fly MP+9 Int+3}

@: flying
A: small, no large weapons, nightstalker 3, antennae 1, weak 1
a: Renounce Religion, Draw Escape, Draw Destruction, Draw Summoning


You were on level 8 of the Dungeon.
You worshipped Nemelex Xobeh.
Nemelex Xobeh was aware of your devotion.
You visited 2 branches of the dungeon, and saw 8 of its levels.

You collected 2556 gold pieces.
You spent 338 gold pieces at shops.

Inventory:

Hand Weapons
 a - a +0 club
 g - a +0 dagger
 m - a +5 dagger of speed (weapon)
Armour
 b - a +0 leather armour (worn)
Jewellery
 n - the ring of Oleidikk (left hand) {rElec rC- Str+5 Int+6}
   (You found it on level 2 of the Dungeon)

   [ring of intelligence]

   Str:       It affects your strength (+5).
   Int:       It affects your intelligence (+6).
   rC:        It makes you vulnerable to cold.
   rElec:     It insulates you from electricity.
 o - a ring of ice
 y - the ring "Kodeh" (right hand) {Fly MP+9 Int+3}
   (You acquired it on level 8 of the Dungeon)

   [ring of magical power]

   Int:       It affects your intelligence (+3).
   MP:        It affects your magic capacity (+9).
   Fly:       It grants you flight.
Wands
 c - a wand of flame (12) (quivered)
 d - a wand of charming (11)
 e - a wand of iceblast (10)
 q - a wand of polymorph (6)
Scrolls
 f - 3 scrolls of teleportation
 i - 2 scrolls of fog
 k - 2 scrolls of summoning
 l - a scroll of identify
 s - a scroll of brand weapon {unknown}
 u - 2 scrolls of enchant armour {unknown}
 v - 2 scrolls of noise {unknown}
Potions
 h - 2 potions of heal wounds
 j - a potion of might
 p - a potion of curing
 r - a potion of magic {unknown}
 t - a potion of degeneration {unknown}
 x - 3 potions of resistance {unknown}


   Skills:
 + Level 3.8 Fighting
 * Level 5.8 Short Blades
 - Level 0.7 Armour
 + Level 4.7 Dodging
 + Level 5.2 Stealth
 - Level 5.0 Evocations


You had 6 spell levels left.
You didn't know any spells.
Your spell library contained the following spells:

 Spells                   Type           Power      Damage    Failure   Level
 Sandblast                Erth           0%         2d4       22%         1
 Passwall                 Tmut/Erth      0%         N/A       32%         2
 Stone Arrow              Conj/Erth      0%         3d7       54%         3


Dungeon Overview and Level Annotations

Branches:
Dungeon (9/15)             Temple (1/1) D:4            Lair (0/6) D:8
    Orc: D:9-12

Altars:
Elyvilon
Fedhas
Makhleb
Nemelex Xobeh
Qazlal
Sif Muna
Trog
Vehumet
Wu Jian
Xom
The Shining One

Shops:
D:9 *


Innate Abilities, Weirdness & Mutations

You are small and have problems with some larger weapons.
You are completely attuned to the shadows.
You have a pair of small antennae on your head.
You are weak. (Str -2)


Message History

Unknown command.
The yak gores your yak. The bullfrog hits your yak.
The yak attacks as you move away! The yak gores you!
The bullfrog hits your yak but does no damage.
The yak attacks as you move away! The yak gores you!
* * * LOW HITPOINT WARNING * * *
The bullfrog hits your yak.
The yak gores your yak but does no damage.
The bullfrog hits your yak. The bullfrog hits your yak.
The yak closely misses you.
The orc hits your yak but does no damage.
The yak barely misses your yak.
There is an escape hatch in the ceiling here.
The yak misses you. The yak barely misses your yak.
A mysterious force pulls you upwards. The hatch slams shut behind you.
You swap places.
The yak attacks as you move away! The yak misses you.
The yak barely misses your yak.
Your yak gores the yak!
Nemelex will now gift you decks of power as you gain piety.
The yak gores your yak.
Your yak dies!
You hit the orc wizard.
The orc wizard is lightly wounded.
The orc wizard misses you.
You closely miss the orc wizard.
The orc wizard is lightly wounded.
You hit the orc wizard.
The orc wizard is moderately wounded.
The orc wizard hits you with a +0 dagger.
* * * LOW HITPOINT WARNING * * *
You miss the orc wizard.
The orc wizard is moderately wounded.
You hit the orc wizard.
The orc wizard is heavily wounded.
The yak gores you!
* * * LOW HITPOINT WARNING * * *
The orc wizard hits you with a +0 dagger.
You die...
Your body disappears without a glow.

#,* ##.## ****,** #.o####
*,,,,,* #.....#
*,**,,**#..##.#
*,**,,,,#...#.# ***
*,**,,*##...#.# *,*
*****,,,,,........# *,*
,,,,,,**,*###.#o..# *,*
,,,,,,**,* #.#.@.# *.#####
,,,,,,**,* *#.##.Y#####.....#
,,,,,,**,* *.........##.#.#.#
,,,,,,+,,* *#.##..##......#Y#
,,,,,,**,* #,*#...#....#.#.#
,,,,,,**,****,*#...###..#.#.#
,,,,,,**,,**,,,...,.......Y.#
***+****,,**,,****,.##....###
,,,<* *,,,,,,* *,,#.....#


You could see a yak and an orc wizard.

Vanquished Creatures
  A wyvern (D:8)
  2 kobold brigands (D:9)
  2 bullfrogs
  An electric eel (D:9)
  A hound (D:4)
  A jelly (D:4)
  An orc priest (D:4)
  An orc wizard (D:9)
  5 adders
  3 gnolls (D:3)
  4 worms (D:3)
  3 dart slugs
  8 orcs
  2 ball pythons
  9 endoplasms
  2 giant cockroaches
  7 goblins
  4 hobgoblins
  2 jackals (D:4)
  A quokka (D:2)
  6 bats
  3 frilled lizards
  8 kobolds
  8 rats
85 creatures vanquished.

Vanquished Creatures (collateral kills)
  3 kobolds (D:9)
3 creatures vanquished.

Vanquished Creatures (others)
  A yak (D:8)
1 creature vanquished.

Grand Total: 89 creatures vanquished

Notes
Turn   | Place    | Note
-------+----------+-------------------------------------------
     0 | D:1      | ptdevnull the Kobold Artificer began the quest for the Orb.
     0 | D:1      | ptdevnull set off with the following wands: flame,
                  | charming, and iceblast.
     0 | D:1      | Reached XP level 1. HP: 12/12 MP: 1/1
   173 | D:1      | Reached XP level 2. HP: 16/16 MP: 2/2
   663 | D:1      | Reached XP level 3. HP: 21/21 MP: 3/3
  1307 | D:2      | Identified the ring of Oleidikk {rElec rC- Str+5 Int+6}
  1968 | D:2      | Reached skill level 1 in Short Blades
  1994 | D:2      | Reached XP level 4. HP: 26/26 MP: 4/4
  2768 | D:3      | Reached XP level 5. HP: 26/31 MP: 5/5
  3256 | D:4      | Noticed a bullfrog
  3270 | D:4      | Killed a bullfrog
  3271 | D:4      | Reached XP level 6. HP: 30/36 MP: 6/6
  3399 | D:4      | Found an ornate altar of the Wu Jian Council.
  3457 | D:4      | Found a staircase to the Ecumenical Temple.
  3474 | Temple   | Entered the Ecumenical Temple
  3520 | Temple   | Became a worshipper of Nemelex Xobeh the Trickster
  4215 | D:5      | Entered Level 5 of the Dungeon
  4223 | D:5      | Found a radiant altar of Vehumet.
  4269 | D:5      | You fall into a shaft and drop 3 floors!
  4270 | D:8      | Identified 3 scrolls of acquirement
  4270 | D:8      | Acquired the ring "Kodeh" {Fly MP+9 Int+3}
  4273 | D:8      | Acquired 1199 gold pieces
  4275 | D:8      | Acquired 1102 gold pieces
  4278 | D:8      | Noticed a wyvern
  4295 | D:8      | HP: 1/37 [wyvern (5)]
  4296 | D:8      | Killed a wyvern
  4297 | D:8      | Reached skill level 5 in Evocations
  4297 | D:8      | Reached XP level 7. HP: 1/41 MP: 7/7
  4310 | D:8      | Gained mutation: You are weak. (Str -2) [potion of
                  | mutation]
  4310 | D:8      | Gained mutation: You have a pair of small antennae on your
                  | head. [potion of mutation]
  4318 | D:8      | Reached skill level 5 in Short Blades
  4684 | D:9      | Reached skill level 5 in Stealth
  5138 | D:9      | Found Ablosk's General Store.
  5144 | D:9      | Bought a scroll of identify for 26 gold pieces
  5144 | D:9      | Bought a potion of curing for 39 gold pieces
  5144 | D:9      | Bought a wand of iceblast (1) for 65 gold pieces
  5144 | D:9      | Bought a wand of polymorph (6) for 104 gold pieces
  5144 | D:9      | Bought a wand of iceblast (4) for 104 gold pieces
  5154 | D:9      | Noticed a yak
  5157 | D:9      | Noticed a yak
  5158 | D:9      | Noticed a yak
  5178 | D:8      | Reached * piety under Nemelex Xobeh
  5193 | D:8      | HP: 1/42 [yak (8)]
  5193 | D:8      | Slain by an orc wizard

Illustrated notes

Levels and vault maps discovered:
D:1:      onia_arrival_mini_maze_b, layout_basic
D:2:      layout_loops_ring, nicolae_concentric_dashed_squares_wild
D:3:      layout_basic
D:4:      layout_basic, marbit_many_paths, minmay_temple_entry_grid
D:5:      layout_gridville, nicolae_vehumet_radiance,
          nicolae_yredelemnul_corpse_copse
D:8:      layout_basic, mainiacjoe_overflow_alcove_1,
          cheibrodos_ashenzari_chains, dpeg_lair_monsters, glass_columns_b
D:9:      layout_basic, nicolae_ru_awakened_eye,
          mainiacjoe_overflow_cross_hatched, serial_shops, shop_statue, shop,
          uniq_erica, uniq_maggie
Temple:   jpeg_temple_island

Skill      XL: |  1  2  3  4  5  6  7 |
---------------+----------------------+-----
Stealth        | 2 3 4 5 |  5.2
Dodging        | 3 4 |  4.7
Evocations     | 4 5 |  5.0
Fighting       | 2 3 |  3.8
Short Blades   | 1 2 3 4 5 |  5.8
Armour         | |  0.7

Action                   |  1- 3 |  4- 6 |  7- 9 || total
-------------------------+-------+-------+-------++-------
Melee: Dagger            |   105 |   143 |    62 ||   310
       Club              |     2 |       |       ||     2
       Punch             |       |     1 |     3 ||     4
Evoke: Wand              |       |     6 |     5 ||    11
  Use: Scroll            |       |     9 |     2 ||    11
       Potion            |       |       |     5 ||     5
 Stab: Sleeping          |    21 |    13 |     3 ||    37
       Distracted        |       |       |     1 ||     1
Armor: Leather armour    |    21 |     8 |     3 ||    32
Dodge: Dodged            |    58 |    57 |    36 ||   151

Table legend: (Time is in decaauts)
 A = Elapsed time spent in this place.
 B = Non-inter-level travel time spent in this place.
 C = Inter-level travel time spent in this place.
 D = Time resting spent in this place.
 E = Time spent auto-exploring this place.
 F = Levels seen in this place.
 G = Mean time per level.
                   A        B        C        D        E       F      G
               +--------+--------+--------+--------+--------+-----+--------+
         Total |   5128 |   5016 |    112 |      0 |   4239 |   8 |  641.0 |
       Dungeon |   4851 |   4758 |     93 |      0 |   3999 |   7 |  693.0 |
        Temple |    277 |    258 |     19 |      0 |    240 |   1 |  277.0 |
               +--------+--------+--------+--------+--------+-----+--------+

Top non-repeatable levels by time:
     D:1: 1272 daAuts
     D:2: 1021 daAuts
     D:3: 863 daAuts
     D:4: 757 daAuts
     D:9: 659 daAuts
  Temple: 277 daAuts
     D:8: 224 daAuts
     D:5: 53 daAuts
